 Dungeon Crawl Stone Soup version 0.29-a0-575-g0dc89cf053 (webtiles) character file.

Game seed: 743484910400266903

1444 xian the Thaumaturge (level 8, -7/42 HPs)
             Began as a Deep Elf Conjurer on June 12, 2022.
             Mangled by a two-headed ogre
             ... wielding a +0 giant club
              (11 damage)
             ... on level 6 of the Dungeon.
             The game lasted 00:15:09 (6287 turns).

xian the Thaumaturge (Deep Elf Conjurer)            Turns: 6287, Time: 00:15:10

Health: -7/42      AC:  3    Str:  4    XL:     8   Next: 46%
Magic:  17/23      EV: 11    Int: 26    God:
Gold:   254        SH:  8    Dex: 13    Spells: 22/25 levels left

rFire   . . .      SeeInvis .   d - +4 hand axe (vorpal)
rCold   . . .      Faith    .   f - +1 kite shield
rNeg    . . .      Spirit   .   a - +0 robe
rPois   .          Reflect  .   (no helmet)
rElec   .          Harm     .   (no cloak)
rCorr   .          Rampage  .   (no gloves)
Will    .....                   m - +0 pair of boots
Stlth   +++.......              o - amulet of regeneration
HPRegen 0.94/turn               n - ring of flight
MPRegen 0.18/turn               (no ring)

@: flying
A: no striking features
a: no special abilities


You were on level 6 of the Dungeon.
You visited 2 branches of the dungeon, and saw 7 of its levels.

You collected 254 gold pieces.

Inventory:

Hand Weapons
 d - a +4 vorpal hand axe (weapon)
Missiles
 u - a throwing net
Armour
 a - a +0 robe (worn)
 f - a +1 kite shield (worn)
 m - a +0 pair of boots (worn)
Jewellery
 n - a ring of flight (left hand)
 o - an amulet of regeneration (around neck)
Wands
 p - a wand of flame (21)
Scrolls
 g - a scroll of enchant weapon
 h - 2 scrolls of silence
 q - 2 scrolls of fear
 s - a scroll of enchant armour
 t - 2 scrolls of teleportation
Potions
 b - 2 potions of magic
 c - 4 potions of brilliance
 e - a potion of curing
 i - 2 potions of flight
 j - a potion of invisibility
 k - a potion of cancellation
 l - a potion of resistance
 r - 3 potions of might


   Skills:
 + Level 0.9 Fighting
 + Level 0.7 Axes
 + Level 4.1 Dodging
 + Level 4.4 Stealth
 + Level 1.0 Shields
 + Level 0.1 Unarmed Combat
 + Level 9.4 Spellcasting
 + Level 8.2 Conjurations


You had 22 spell levels left.
You knew the following spells:

 Your Spells              Type           Power      Damage    Failure   Level
a - Magic Dart            Conj           100%       1d8       1%          1
b - Searing Ray           Conj           100%       2d8       1%          2

Your spell library contained the following spells:

 Spells                   Type           Power      Damage    Failure   Level
 Dazzling Flash           Conj/Hex       66%        N/A       10%         3
 Fulminant Prism          Conj/Hex       16%        3d11      30%         4
 Iskenderun's Mystic Bla  Conj/Tloc      33%        2d8       30%         4
 Frozen Ramparts          Ice            24%        1d4       45%         3
 Ozocubu's Armour         Ice            12%        N/A       45%         3
 Ice Form                 Ice/Tmut       12%        N/A       86%         4
 Summon Ice Beast         Ice/Summ       12%        N/A       86%         4
 Ozocubu's Refrigeration  Ice            6%         4d6       100%        7


Dungeon Overview and Level Annotations

Branches:
Dungeon (6/15)             Temple (1/1) D:4

Altars:
Ashenzari
Dithmenos
Hepliaklqana
Kikubaaqudgha
Nemelex Xobeh
Qazlal
Ru
Trog
Xom
Yredelemnul
The Shining One


Message History

You kill the iguana! (Press . to maintain the ray.)
v - a scroll of identify
As you read the scroll of identify, it crumbles to dust.
r - 3 potions of might Magic restored.
You hear the slow rusting of a very distant drain.
The two-headed ogre shouts in stereo!
Casting: Searing Ray (safe; 1% risk of failure)
Confirm with . or Enter, or press ? or * to list all spells.
Aiming: Searing Ray (safe; 1% risk of failure)
Press: ? - help, Shift-Dir - straight line, f - two-headed ogre
Aim: a two-headed ogre, wielding two +0 giant clubs (92% to hit)
The searing ray hits the two-headed ogre.
The two-headed ogre is lightly wounded. (Press . to maintain the ray.)
The searing ray hits the two-headed ogre.
The two-headed ogre is lightly wounded.
The searing ray hits the two-headed ogre!
The two-headed ogre is moderately wounded.
The two-headed ogre closely misses you.
The two-headed ogre hits you with a +0 giant club!
Casting: Searing Ray (safe; 1% risk of failure)
Confirm with . or Enter, or press ? or * to list all spells.
Aiming: Searing Ray (safe; 1% risk of failure)
Press: ? - help, Shift-Dir - straight line, f/p - two-headed ogre
Aim: a two-headed ogre, wielding two +0 giant clubs (moderately wounded, 92% to hit)
The searing ray hits the two-headed ogre!
The two-headed ogre is heavily wounded. (Press . to maintain the ray.)
The searing ray hits the two-headed ogre!
The two-headed ogre is heavily wounded.
You block the two-headed ogre's attack. The two-headed ogre closely misses you.
The searing ray hits the two-headed ogre!
The two-headed ogre is severely wounded.
The two-headed ogre hits you with a +0 giant club!!!
Ouch! That really hurt!
* * * LOW HITPOINT WARNING * * *
The two-headed ogre hits you with a +0 giant club!
You die...

..#.#....[.........#
.?............>....#
...........##......#
#..###.##.#...###.#
##.........#..####.#
....<).............#.
##..###..!...........
...........##.########.#
...............O@......#
......###..##..#########
..!... #..##..# ..)...
#..##..# ..... #..##..#
#.. #..############ #..
#.............# #..
#.###########.# #.#


You could see a two-headed ogre.

Vanquished Creatures
  An ogre (D:4)
  3 phantoms
  Blork the orc (D:6)
  2 scorpions
  3 killer bees (D:5)
  An oklob sapling (D:4)
  5 jellies
  3 orc priests
  2 hounds
  4 iguanas
  4 orc wizards
  Robin (D:3)
  7 gnolls
  8 adders
  A shadow imp (D:6)
  2 worms
  3 dart slugs
  15 orcs
  9 ball pythons
  8 bats
  5 endoplasms
  A giant cockroach (D:2)
  17 goblins
  11 hobgoblins
  6 jackals
  4 quokkas
  5 frilled lizards
  5 kobolds
  7 rats
144 creatures vanquished.

Vanquished Creatures (others)
  15 plants (D:4)
15 creatures vanquished.

Grand Total: 159 creatures vanquished

Notes
Turn   | Place    | Note
-------+----------+-------------------------------------------
     0 | D:1      | xian the Deep Elf Conjurer began the quest for the Orb.
     0 | D:1      | Reached XP level 1. HP: 10/10 MP: 6/6
    94 | D:1      | Reached XP level 2. HP: 15/15 MP: 1/8
   415 | D:1      | Reached skill level 5 in Conjurations
   714 | D:1      | Reached XP level 3. HP: 19/19 MP: 7/9
  1193 | D:2      | Found a hazy altar of Hepliaklqana.
  1451 | D:2      | Learned a level 2 spell: Searing Ray
  1895 | D:2      | Reached skill level 4 in Spellcasting
  1895 | D:2      | Reached XP level 4. HP: 24/24 MP: 8/12
  2405 | D:3      | Noticed Robin
  2410 | D:3      | Killed Robin
  2528 | D:3      | Noticed a phantom
  2537 | D:3      | Killed a phantom
  2538 | D:3      | Reached skill level 5 in Spellcasting
  2538 | D:3      | Reached XP level 5. HP: 17/28 MP: 4/14
  3325 | D:3      | Reached XP level 6. HP: 12/32 MP: 12/16
  3889 | D:4      | Reached skill level 6 in Spellcasting
  4230 | D:4      | Found a staircase to the Ecumenical Temple.
  4418 | Temple   | Entered the Ecumenical Temple
  4746 | D:4      | Reached XP level 7. HP: 31/37 MP: 12/19
  4748 | D:4      | Reached skill level 7 in Spellcasting
  5035 | D:5      | Entered Level 5 of the Dungeon
  5579 | D:5      | Reached skill level 8 in Spellcasting
  5579 | D:5      | Reached XP level 8. HP: 42/42 MP: 13/22
  6087 | D:5      | Reached skill level 1 in Shields
  6087 | D:5      | Reached skill level 9 in Spellcasting
  6166 | D:6      | Noticed Blork the orc
  6169 | D:6      | Noticed a two-headed ogre
  6189 | D:6      | Killed Blork the orc
  6287 | D:6      | Mangled by a two-headed ogre

Illustrated notes

Levels and vault maps discovered:
D:1:      ncdulo_wetmaze, layout_basic
D:2:      layout_basic, basic_altar, minmay_tree_intersection
D:3:      layout_basic, minmay_misc_feat_rugged, minmay_distorted, uniq_robin
D:4:      minmay_chambers_of_fours, layout_gridville, minmay_temple_entry_oklob
D:5:      layout_loops_ring, chequers_serial_rivers_micro_c, kennysheep_dice
D:6:      layout_basic, cheibrodos_sewer_entry_drain, minmay_ruined_shrine,
          uniq_eustachio, uniq_pikel, uniq_maggie, uniq_blork_the_orc
Temple:   compressed_dpeg_circular_temple

Skill      XL: |  1  2  3  4  5  6  7  8 |
---------------+-------------------------+-----
Conjurations   | 5 6 7 8 |  8.2
Spellcasting   | 4 5 6 8 9 |  9.4
Stealth        | 3 4 |  4.4
Dodging        | 3 4 |  4.1
Shields        | 1 |  1.0
Fighting       | |  0.9
Axes           | |  0.7
Unarmed Combat | |  0.1

Action                   |  1- 3 |  4- 6 |  7- 9 || total
-------------------------+-------+-------+-------++-------
Melee: Unarmed           |    12 |       |       ||    12
       Hand axe          |     2 |    19 |     2 ||    23
 Cast: Magic Dart        |    83 |   118 |    27 ||   228
       Searing Ray       |       |     9 |    25 ||    34
  Use: Scroll            |     3 |     9 |     3 ||    15
       Potion            |       |     1 |       ||     1
Armor: Robe              |     4 |     5 |     3 ||    12
Dodge: Dodged            |    20 |    15 |    22 ||    57
Block: Kite shield       |     1 |    20 |     7 ||    28

Table legend: (Time is in decaauts)
 A = Elapsed time spent in this place.
 B = Non-inter-level travel time spent in this place.
 C = Inter-level travel time spent in this place.
 D = Time resting spent in this place.
 E = Time spent auto-exploring this place.
 F = Levels seen in this place.
 G = Mean time per level.
                   A        B        C        D        E       F      G
               +--------+--------+--------+--------+--------+-----+--------+
         Total |   6303 |   6227 |     76 |    422 |   4792 |   7 |  900.4 |
       Dungeon |   6146 |   6098 |     48 |    422 |   4672 |   6 | 1024.3 |
        Temple |    156 |    128 |     28 |      0 |    120 |   1 |  156.0 |
               +--------+--------+--------+--------+--------+-----+--------+

Top non-repeatable levels by time:
     D:3: 1382 daAuts
     D:2: 1251 daAuts
     D:1: 1161 daAuts
     D:5: 1131 daAuts
     D:4: 1099 daAuts
  Temple: 156 daAuts
     D:6: 120 daAuts
